 Dungeon Crawl Stone Soup version 0.22.1-2-g9c5b331 (webtiles) character file.

134 MalarOregon the Chiller (level 5, 0/38 HPs)
             Began as a Merfolk Ice Elementalist on Nov 23, 2018.
             Slain by an iguana (8 damage)
             ... on level 3 of the Dungeon.
             The game lasted 00:03:55 (2309 turns).

MalarOregon the Chiller (Merfolk Ice Elementalist)  Turns: 2309, Time: 00:03:55

Health: 0/38       AC:  3    Str:  8    XL:     5   Next: 17%
Magic:  8/8        EV: 14    Int: 16    God:
Gold:   116        SH:  0    Dex: 14    Spells: 8/9 levels left

rFire    . . .     SeeInvis .   d - +0 dagger (elec)
rCold    . . .     Gourm    .   (no shield)
rNeg     . . .     Faith    .   a - +0 robe
rPois    .         Spirit   .   (no helmet)
rElec    .         Reflect  .   (no cloak)
rCorr    .         Harm     .   l - +0 pair of gloves
MR       .....                  (no boots)
Stlth    ++........             (no amulet)
HPRegen  0.12/turn              (no ring)
MPRegen  0.11/turn              (no ring)

@: no status effects
A: change form in water, swift swim, stealthy swim
a: no special abilities


You were on level 3 of the Dungeon.
You were not hungry.

You visited 1 branch of the dungeon, and saw 3 of its levels.

You collected 116 gold pieces.

Inventory:

Hand Weapons
 d - a +0 dagger of electrocution (weapon)
   (You took it off a goblin on level 2 of the Dungeon)
Missiles
 q - 4 javelins (quivered)
Armour
 a - a +0 robe (worn)
 l - a +0 pair of gloves (worn)
   (You found it on level 2 of the Dungeon)
Scrolls
 b - 3 scrolls of fear {unknown}
 c - a scroll of enchant armour {unknown}
 f - a scroll of enchant weapon {unknown}
 g - a scroll of random uselessness {unknown}
 j - 2 scrolls of identify {@r1}
 k - a scroll of immolation {unknown}
 n - 2 scrolls of remove curse {unknown}
Potions
 i - a potion of curing {unknown}
 o - a potion of degeneration {unknown}
 p - a potion of berserk rage
Comestibles
 e - 8 rations {!d}
 h - 5 chunks of flesh


   Skills:
 + Level 1.8 Fighting
 + Level 1.4 Short Blades
 + Level 3.7 Dodging
 + Level 3.2 Stealth
 + Level 2.6 Spellcasting
   Level 0.7 Conjurations
 + Level 4.0 Ice Magic


You had 8 spell levels left.
You knew the following spells:

 Your Spells              Type           Power        Failure   Level  Hunger
a - Freeze                Ice            ###.         3%          1    #......

Your spell library contained the following spells:

 Spells                   Type           Power        Failure   Level  Hunger
 Throw Frost              Conj/Ice       #.....       11%         2    ##.....
 Ozocubu's Armour         Chrm/Ice       #.......     26%         3    ###....
 Throw Icicle             Conj/Ice       #.......     58%         4    #####..
 Summon Ice Beast         Ice/Summ       #.......     63%         4    #####..


Dungeon Overview and Level Annotations

Branches:
Dungeon (3/15)

Altars:
Qazlal
Xom


Message History

an orc corpse x2
You butcher the orc corpse.
h - 2 chunks of flesh (gained 1)
Things that are here:
an orc skeleton; an orc corpse You now have 116 gold pieces (gained 11).
There isn't anything here!
Things that are here:
an orc skeleton; an orc corpse
Things that are here:
a dagger; an orc corpse You butcher the orc corpse.
h - 5 chunks of flesh (gained 3)
You see here a dagger.
You start resting.
An iguana comes into view.
An iguana is nearby!
Found a blue potion and 12 gold pieces.
An orc comes into view. It is wielding a whip.
You see here a javelin.
The orc shouts!
You hear a shout! x2
The orc throws a tomahawk.
The tomahawk closely misses you.
You hear a shout!
The iguana hisses angrily.
You hear a shout!
You see here a dagger.
The orc throws a tomahawk.
The tomahawk closely misses you.
Things that are here:
a tomahawk; an orc skeleton; an orc corpse You start resting.
The orc is too close now for your liking.
An orc comes into view.
The orc moves out of view.
An adder comes into view.
The orc shouts!
An orc wizard comes into view. It is wielding a dagger.
As you read the scroll labeled AKUFFO YGEKAO, it crumbles to dust.
You hear a loud clanging noise!
It was a scroll of noise.
The adder hisses angrily.
You hear a shout! x2; You hear an angry hiss.
You hear a shout! x10; You hear a bark! x3; You hear a shout!
As you read the scroll labeled CAOCYISUNY, it crumbles to dust.
You feel aware of your surroundings.
It was a scroll of magic mapping.
The iguana bites you!
* * * LOW HITPOINT WARNING * * *
An orc comes into view. It is wielding a war axe.
An orc comes into view. It is wielding a flail.
As you read the scroll labeled DANAFABLEM, it crumbles to dust.
It is a scroll of identify.
p - a potion of berserk rage The iguana bites you!
You die...

#......##.....#*,,,,*,*****,*,,,,
#.####..#.....#*,,,,,,,,,,,,*,,,,
#.####..#.....#*,,,,*,**,,,,,,,,,
..............#*,,,,*,#*,,,,,,,,,
#.####.#.############.##,,,,,,,,,
*,,....#..#.....$.......,,,,,,,,,
,,..............o.......,,>****,*
*.####.##.#.####l#####.,,,,,,,,,,
*,***#.*#...#**#@#****,********,,
*,**,#.*##((#.....S.#,,,,,,,,,,,,
,,,,,*** #).#.o.........,,,,,,,**
****,#####l.#..........#*,,,,,,*
****,#...(..o....!.....#*,,,,,,**
,,,*,#...o.o.###.###...#*,,,,,,,,
,,,*,#$.(....#*#.#**...#*,*,,,,,*
**,*,###..........,,,..o,,,,,,,,*
,,,*,,,......###,,**,*,**,*,,,,,*


You could see an iguana, an orc wizard, an adder and 4 orcs.

Vanquished Creatures
  A scorpion (D:2)
  3 adders
  2 worms
  3 leopard geckos
  3 orcs (D:3)
  6 goblins (D:2)
  4 hobgoblins
  4 jackals
  2 quokkas
  9 bats
  A frilled lizard (D:1)
  5 kobolds
  6 rats
49 creatures vanquished.

Notes
Turn   | Place    | Note
-------+----------+-------------------------------------------
     0 | D:1      | MalarOregon the Merfolk Ice Elementalist began the quest
                  | for the Orb.
     0 | D:1      | Reached XP level 1. HP: 13/13 MP: 3/3
   104 | D:1      | Reached XP level 2. HP: 2/20 MP: 0/5
   546 | D:1      | Found a sparkling altar of Nemelex Xobeh.
   548 | D:1      | Found a sacrificial altar of Ru.
   548 | D:1      | Found a shimmering altar of Xom.
   550 | D:1      | Found a burning altar of Makhleb.
   550 | D:1      | Found a hide-covered altar of Uskayaw.
   550 | D:1      | Found a glowing golden altar of the Shining One.
  1084 | D:1      | Reached skill level 1 in Fighting
  1084 | D:1      | Reached XP level 3. HP: 26/26 MP: 1/6
  1327 | D:2      | Noticed a scorpion
  1334 | D:2      | Killed a scorpion
  1334 | D:2      | Reached skill level 1 in Short Blades
  1334 | D:2      | Reached XP level 4. HP: 32/32 MP: 7/7
  1462 | D:2      | Found a stormy altar of Qazlal.
  1496 | D:2      | Reached skill level 4 in Ice Magic
  1765 | D:2      | Reached XP level 5. HP: 38/38 MP: 8/8
  2309 | D:3      | Slain by an iguana

Skill      XL: |  1  2  3  4 |
---------------+-------------+-----
Dodging        | 3 |  3.7
Fighting       | 1 |  1.8
Short Blades   | 1 |  1.4
Stealth        | 3 |  3.2
Ice Magic      | 4 |  4.0
Spellcasting   | |  2.6
Conjurations   | |  0.7

Action                   |  1- 3 |  4- 6 || total
-------------------------+-------+-------++-------
Melee: Dagger            |     4 |    61 ||    65
Throw: Javelin           |    25 |    17 ||    42
 Cast: Freeze            |    27 |     5 ||    32
  Use: Scroll            |       |     3 ||     3
 Stab: Sleeping          |     1 |       ||     1
  Eat: Chunk             |     2 |     3 ||     5
Armor: Robe              |    12 |    23 ||    35
Dodge: Dodged            |    40 |    61 ||   101
